 Dungeon Crawl Stone Soup version 0.29-a0-468-ge57f7f99b4 (webtiles) character file.

Game seed: 16557178463390186882

469 greenreed the Poker (level 7, 0/60 HPs)
             Began as a Hill Orc Fighter on May 21, 2022.
             Slain by a lemure (6 damage)
             ... led by Pikel
             ... on level 5 of the Dungeon.
             The game lasted 00:09:25 (4358 turns).

greenreed the Poker (Hill Orc Fighter)              Turns: 4358, Time: 00:09:25

Health: 0/60       AC:  9    Str: 21    XL:     7   Next: 9%
Magic:  7/7        EV:  9    Int:  8    God:
Gold:   235        SH:  4    Dex: 10    Spells: 6/6 levels left

rFire   . . .      SeeInvis .   a - +0 trident
rCold   . . .      Faith    .   c - +0 buckler
rNeg    . . .      Spirit   .   e - +1 scale mail {Will+}
rPois   .          Reflect  .   w - +0 helmet
rElec   .          Harm     .   (no cloak)
rCorr   .          Rampage  .   (no gloves)
Will    +....                   (no boots)
Stlth   ..........              (no amulet)
HPRegen 0.20/turn               (no ring)
MPRegen 0.10/turn               (no ring)

@: about to teleport
A: no striking features
a: no special abilities


You were on level 5 of the Dungeon.
You visited 1 branch of the dungeon, and saw 5 of its levels.

You collected 235 gold pieces.

Inventory:

Hand Weapons
 a - a +0 trident (weapon)
Missiles
 l - 15 poisoned darts (quivered)
 y - 2 javelins
Armour
 b - a +0 scale mail
 c - a +0 buckler (worn)
 e - a +1 scale mail of willpower (worn)
 w - a +0 helmet (worn)
 z - +0 ice dragon scales
Jewellery
 r - a ring of fire
Wands
 v - a wand of charming (10)
Scrolls
 d - a scroll of enchant weapon {unknown}
 g - 5 scrolls of identify
 j - a scroll of teleportation
 k - 2 scrolls of magic mapping {unknown}
 m - a scroll of immolation {unknown}
 o - 2 scrolls of poison {unknown}
 s - a scroll of enchant armour {unknown}
 u - 5 scrolls of vulnerability
Potions
 f - 2 potions of cancellation {unknown}
 h - 2 potions of flight {unknown}
 i - a potion of ambrosia {unknown}
 n - a potion of degeneration {unknown}
 q - 2 potions of lignification {unknown}
 t - a potion of heal wounds {unknown}
 x - a potion of berserk rage {unknown}


   Skills:
 + Level 4.8 Fighting
 + Level 5.8 Polearms
 + Level 5.1 Armour
 + Level 1.1 Dodging
 + Level 0.3 Stealth
 + Level 3.7 Shields


You had 6 spell levels left.
You didn't know any spells.
Your spell library contained the following spells:

 Spells                   Type           Power      Damage    Failure   Level
 Dazzling Flash           Conj/Hex       0%         N/A       99%         3
 Ozocubu's Armour         Ice            0%         N/A       99%         3
 Iskenderun's Mystic Bla  Conj/Tloc      0%         2d3       100%        4
 Metabolic Englaciation   Hex/Ice        0%         N/A       100%        5
 Simulacrum               Ice/Necr       0%         N/A       100%        6
 Starburst                Conj/Fire      0%         6d3       100%        6


Dungeon Overview and Level Annotations

Branches:
Dungeon (5/15)
 Temple: D:4-7

Altars:
Zin

Portals:
Abyss: D:4

Annotations:
D:4 2 transporters, holysushi's ghost, amateur OpAr
D:5 Pikel


Message History

Pikel hits you with a +2 whip of freezing!
Pikel freezes you.
You hit Pikel.
Pikel is moderately wounded.
Pikel hits you with a +2 whip of freezing.
Pikel freezes you. The lemure barely misses you. The lemure hits you.
You hit Pikel but do no damage.
Pikel is moderately wounded.
Pikel hits you but does no damage. You block the lemure's attack.
Pikel hits you with a +2 whip of freezing.
Pikel freezes you. The lemure hits you. The lemure hits you but does no damage.
You hit Pikel.
Pikel is moderately wounded.
Pikel hits you with a +2 whip of freezing!
Pikel freezes you. The lemure hits you but does no damage.
You block the lemure's attack. The lemure barely misses you.
You block the lemure's attack.
As you read the scroll labelled GOTIH BIZOGYVI, it crumbles to dust.
It is a scroll of identify.
j - 2 scrolls of teleportation Pikel hits you with a +2 whip of freezing.
* * * LOW HITPOINT WARNING * * *
Pikel freezes you.
* * * LOW HITPOINT WARNING * * *
The lemure closely misses you. x2; The lemure hits you but does no damage.
The lemure hits you.
* * * LOW HITPOINT WARNING * * *
You feel better.
Pikel hits you with a +2 whip of freezing.
* * * LOW HITPOINT WARNING * * *
Pikel freezes you.
* * * LOW HITPOINT WARNING * * *
The lemure hits you.
* * * LOW HITPOINT WARNING * * *
The lemure hits you.
* * * LOW HITPOINT WARNING * * *
You block the lemure's attack. The lemure completely misses you.
As you read the scroll of teleportation, it crumbles to dust.
You feel strangely unstable. The lemure hits you.
You die...

...##.....##.. ...
#............ #####..
#............ #......
#............ #....#.##
#............
.............##.######..
#.......#######.........
......K55............(..
.###+#@5..........#....
#.....5..####.###..#.###
#........)# #.# #..#.#
#.......#.###.###..#.##
#.......#..##.........#
#.###.####.######..#..#
# #. #..# #..#..# #.
##.# #..#####
#####.#####.......


You could see Pikel and 4 lemures.

Vanquished Creatures
  A black bear (D:5)
  A phantom (D:3)
  A necrophage (D:4)
  Crazy Yiuf (D:3)
  An iguana (D:4)
  Robin (D:3)
  5 adders
  8 worms
  3 dart slugs
  5 orcs (D:3)
  8 ball pythons
  4 endoplasms
  7 giant cockroaches
  21 goblins
  4 hobgoblins
  2 jackals (D:1)
  2 quokkas
  8 bats
  4 frilled lizards
  8 kobolds
  5 rats
100 creatures vanquished.

Vanquished Creatures (others)
  A fungus (D:1)
  A plant (D:1)
2 creatures vanquished.

Grand Total: 102 creatures vanquished

Notes
Turn   | Place    | Note
-------+----------+-------------------------------------------
     0 | D:1      | greenreed the Hill Orc Fighter began the quest for the Orb.
     0 | D:1      | Reached XP level 1. HP: 19/19 MP: 1/1
   134 | D:1      | Reached XP level 2. HP: 21/27 MP: 2/2
   238 | D:1      | Found a faded altar of an unknown god.
   946 | D:2      | Reached XP level 3. HP: 33/33 MP: 3/3
   951 | D:2      | Found a glowing silver altar of Zin.
  1296 | D:2      | Reached XP level 4. HP: 40/40 MP: 4/4
  1923 | D:3      | Found a runed translucent door.
  1924 | D:3      | Noticed Crazy Yiuf
  2135 | D:3      | Noticed a phantom
  2156 | D:3      | Killed a phantom
  2157 | D:3      | Reached XP level 5. HP: 15/46 MP: 5/5
  2447 | D:3      | Noticed Robin
  2475 | D:3      | Killed Robin
  2879 | D:3      | Killed Crazy Yiuf
  2880 | D:3      | Reached XP level 6. HP: 16/53 MP: 6/6
  3212 | D:4      | Reached skill level 5 in Polearms
  3593 | D:4      | Found a transporter.
  3615 | D:4      | Noticed a toenail golem
  3619 | D:4      | Noticed a small abomination
  3622 | D:4      | Noticed a small abomination
  3714 | D:4      | Found a transporter.
  3719 | D:4      | Noticed holysushi's ghost (amateur OpAr)
  3793 | D:4      | Reached skill level 1 in Dodging
  3858 | D:4      | Found a one-way gate to the infinite horrors of the Abyss.
  4222 | D:5      | Entered Level 5 of the Dungeon
  4246 | D:5      | Noticed a black bear
  4255 | D:5      | Killed a black bear
  4256 | D:5      | Reached skill level 5 in Armour
  4256 | D:5      | Reached XP level 7. HP: 55/60 MP: 7/7
  4347 | D:5      | Noticed Pikel
  4358 | D:5      | Slain by a lemure

Illustrated notes

Levels and vault maps discovered:
D:1:      eino_arrival_cavern_a, layout_basic,
          shapermc_ecumenical_altar_acropolis
D:2:      cheibrodos_old_hovel, layout_basic, basic_altar, columned_hall_lemuel,
          minmay_tetromino_o4
D:3:      layout_loops_ring, uniq_crazy_yiuf_cottage, uniq_robin
D:4:      layout_loops_ring, gammafunk_ghost_abyssal_escape, nicolae_wormholes
D:5:      layout_basic, uniq_pikel

Skill      XL: |  1  2  3  4  5  6 |
---------------+-------------------+-----
Polearms       | 3 4 5 |  5.8
Fighting       | 4 |  4.8
Armour         | 4 5 |  5.1
Dodging        | 1 |  1.1
Stealth        | |  0.3
Shields        | |  3.7

Action                   |  1- 3 |  4- 6 |  7- 9 || total
-------------------------+-------+-------+-------++-------
Melee: Trident           |   122 |   253 |     6 ||   381
  Use: Potion            |       |     3 |     1 ||     4
       Scroll            |       |     1 |     2 ||     3
Armor: Scale mail        |    69 |    92 |     5 ||   166
Dodge: Dodged            |    47 |    84 |     6 ||   137
Block: Buckler           |    15 |    41 |     4 ||    60

Table legend: (Time is in decaauts)
 A = Elapsed time spent in this place.
 B = Non-inter-level travel time spent in this place.
 C = Inter-level travel time spent in this place.
 D = Time resting spent in this place.
 E = Time spent auto-exploring this place.
 F = Levels seen in this place.
 G = Mean time per level.
                   A        B        C        D        E       F      G
               +--------+--------+--------+--------+--------+-----+--------+
         Total |   4410 |   4182 |    228 |    364 |   3059 |   5 |  882.0 |
       Dungeon |   4410 |   4182 |    228 |    364 |   3059 |   5 |  882.0 |
               +--------+--------+--------+--------+--------+-----+--------+

Top non-repeatable levels by time:
     D:3: 1298 daAuts
     D:4: 1064 daAuts
     D:2: 987 daAuts
     D:1: 922 daAuts
     D:5: 136 daAuts
